 Dungeon Crawl Stone Soup version 0.26-a0-949-ga0cc1ef5f6 (webtiles) character file.

Game seed: 13014401807220422646

10977 miscthings the Slinger (level 12, -7/79 HPs)
             Began as a Halfling Hunter on Nov 28, 2020.
             Was a High Priest of Okawaru.
             Mangled by an eight-headed hydra (12 damage)
             ... on level 1 of the Lair of Beasts.
             The game lasted 00:23:31 (11302 turns).

miscthings the Slinger (Halfling Hunter)           Turns: 11302, Time: 00:23:32

Health: -7/79      AC: 13    Str: 15    XL:     12   Next: 2%
Magic:  0/13       EV: 18    Int: 11    God:    Okawaru [*****.]
Gold:   576        SH: 15    Dex: 16    Spells: 11/11 levels left

rFire    . . .     SeeInvis .   x - +2 hunting sling (flame)
rCold    . . .     Faith    .   y - +0 buckler
rNeg     . . .     Spirit   +   H - +3 ring mail {MR+}
rPois    .         Reflect  .   F - +0 helmet
rElec    .         Harm     .   c - +1 cloak
rCorr    .         Rampage  .   (no gloves)
MR       +....                  (no boots)
Stlth    +.........             N - brooch of Shielding {Spirit SH+8}
HPRegen  0.23/turn              g - ring of stealth
MPRegen  0.13/turn              a - ring of attention (curse)

@: studying Shields
A: small, mutation resistance 1
a: Heroism, Finesse, Renounce Religion


You were on level 1 of the Lair of Beasts.
You worshipped Okawaru.
Okawaru was extremely pleased with you.
You visited 3 branches of the dungeon, and saw 12 of its levels.

You collected 576 gold pieces.

Inventory:

Hand Weapons
 b - a +0 short sword
 x - a +2 hunting sling of flaming (weapon)
Missiles
 d - 69 stones (quivered)
 f - 72 sling bullets
 E - 3 throwing nets
Armour
 c - a +1 cloak (worn)
 u - the +1 robe of Baedghe {rPois MP+9, unknown}
   (You found it on level 5 of the Dungeon)

   It protects you from poison.
   It affects your magic capacity (+9).
 y - a +0 buckler (worn)
 F - a +0 helmet (worn)
 H - a +3 ring mail of magic resistance (worn)
Jewellery
 a - a cursed ring of attention (right hand)
 g - a ring of stealth (left hand)
 q - an uncursed amulet of regeneration
 K - an uncursed ring of ice {unknown}
 N - the brooch of Shielding (around neck) {Spirit SH+8}
   (You found it on level 1 of the Lair of Beasts)

   [amulet of guardian spirit]

   It causes incoming damage to be split between your health and magic.
   It affects your SH (+8).
Wands
 e - a wand of iceblast (5)
 r - a wand of disintegration (2)
 v - a wand of enslavement (5)
 C - a wand of flame (12)
Scrolls
 h - 3 scrolls of enchant armour
 i - 2 scrolls of fog
 j - 6 scrolls of teleportation
 l - 4 scrolls of fear
 m - 2 scrolls of immolation
 n - 2 scrolls of magic mapping
 o - 2 scrolls of amnesia
 p - a scroll of remove curse
 I - a scroll of holy word {unknown}
 J - a scroll of brand weapon {unknown}
 L - a scroll of noise {unknown}
 M - a scroll of identify {@r1}
Potions
 k - a potion of berserk rage {unknown}
 s - a potion of haste
 t - 8 potions of ambrosia
 w - 2 potions of brilliance
 z - 3 potions of attraction
 B - 4 potions of curing
 D - a potion of heal wounds {unknown}
 G - 2 potions of flight {unknown}
 O - a potion of might
Books
 A - a manual of Shields


   Skills:
 + Level 6.2 Fighting
 - Level 14.0 Slings
 + Level 7.0 Armour
 + Level 7.5 Dodging
 - Level 1.1 Stealth
 + Level 6.5 Shields
 + Level 2.0 Invocations
 * Level 9.3 Evocations


You had 11 spell levels left.
You didn't know any spells.
Your spell library was empty.

Dungeon Overview and Level Annotations

Branches:
Dungeon (10/15)            Temple (1/1) D:6            Lair (1/6) D:9
    Orc: D:9-12

Altars:
Cheibriados
Dithmenos
Elyvilon
Fedhas
Hepliaklqana
Makhleb
Nemelex Xobeh
Okawaru
Qazlal
Ru
Sif Muna
Trog
Uskayaw
Vehumet
Xom
Yredelemnul
Zin
The Shining One

Shops:
D:8 !   D:9 *


Innate Abilities, Weirdness & Mutations

You are small and have problems with some larger weapons.
You are somewhat resistant to further mutation.


Message History

The blink frog resists with some effort.
The blink frog blinks!
The eight-headed hydra bites you!
* * * LOW HITPOINT WARNING * * *
You block the eight-headed hydra's attack.
The eight-headed hydra bites you but does no damage.
You block the eight-headed hydra's attack.
The eight-headed hydra closely misses you.
The eight-headed hydra bites you but does no damage.
You block the eight-headed hydra's attack.
The eight-headed hydra bites you but does no damage.
Okay, then.
Evoke which item? (* to show all) (? for menu, Esc to quit)
Aiming: Disintegrate
Press: ? - help, Shift-Dir - straight line, f/p - eight-headed hydra
Aim: an eight-headed hydra (heavily wounded, chance to defeat MR: 63%)
The eight-headed hydra is blasted!!
The eight-headed hydra bites you!
* * * LOW HITPOINT WARNING * * *
The eight-headed hydra closely misses you.
The eight-headed hydra bites you!
You die...

... #.......#............##..
... #......##......##....##.. .
.. ##.......#............##..
....#.#(......##......P.....##..
....(((......(##......###..###..
..(.#(##.....F##.......##P+.##..
## .(( ######(##................
..(. .#####§##................
..... ........D@..≈≈≈.<.≈.......
.... ............≈≈≈≈≈≈≈.......
.... ...........≈≈≈≈≈≈≈≈≈......
.....b.....≈≈≈≈≈≈≈≈≈≈.....
............≈≈≈≈≈≈≈≈......
............≈≈≈≈≈≈≈≈..#...
...###.PP##...≈≈≈≈≈....#.. .#
.....#............#..


You could see an eight-headed hydra.

Vanquished Creatures
  Harold (D:8)
  A two-headed ogre (D:10)
  Maurice (D:9)
  Psyche (D:8)
  Joseph (D:9)
  A kobold demonologist (D:10)
  A queen bee (D:10)
  2 trolls
  Grinder (D:6)
  2 blink frogs (Lair:1)
  A vampire (D:10)
  A wraith (D:10)
  A wyvern (D:6)
  A vampire mosquito (D:10)
  Menkaure (D:7)
  2 water moccasins
  5 orc warriors
  Duvessa (D:7)
  4 ice beasts
  A phantom (D:6)
  4 sky beasts
  5 ogres
  4 centaurs
  2 big kobolds (D:9)
  11 bullfrogs
  A gnoll sergeant (D:8)
  Dowan (D:7)
  2 wyvern skeletons
  2 scorpions
  24 killer bees
  An electric eel (D:9)
  3 bullfrog zombies
  A quasit (D:10)
  2 centaur zombies
  5 centaur skeletons
  8 hounds
  2 jellies
  5 orc priests
  2 bullfrog skeletons
  8 orc wizards
  2 iguanas
  A worker ant (D:6)
  2 killer bee zombies (D:6)
  2 hound zombies
  2 hound skeletons
  24 gnolls
  12 adders
  2 white imps
  2 ufetubi
  4 adder skeletons
  The ghost of araganzar the Sneak, a weakling DsDe (D:5)
  3 dart slugs
  6 leopard geckos
  18 orcs
  6 bats
  12 giant cockroaches
  11 goblins
  6 hobgoblins
  12 jackals
  9 kobolds
  2 quokkas
  2 ball pythons
  2 ball python skeletons
  A frilled lizard (D:1)
  A leopard gecko skeleton (D:7)
  A leopard gecko zombie (D:5)
  6 rats
  A bush (D:4)
276 creatures vanquished.

Vanquished Creatures (others)
  2 fungi (D:9)
  10 plants
12 creatures vanquished.

Grand Total: 288 creatures vanquished

Notes
Turn   | Place    | Note
-------+----------+-------------------------------------------
     0 | D:1      | miscthings the Halfling Hunter began the quest for the Orb.
     0 | D:1      | Reached XP level 1. HP: 14/14 MP: 1/1
    80 | D:1      | Reached skill level 6 in Slings
   246 | D:1      | Reached XP level 2. HP: 19/19 MP: 2/2
   513 | D:1      | Reached skill level 7 in Slings
   513 | D:1      | Reached XP level 3. HP: 24/24 MP: 3/3
  1028 | D:2      | Found a faded altar of an unknown god.
  1088 | D:2      | Reached XP level 4. HP: 27/29 MP: 4/4
  1097 | D:2      | Reached skill level 8 in Slings
  1380 | D:2      | Reached XP level 5. HP: 34/34 MP: 5/5
  1449 | D:2      | Reached skill level 9 in Slings
  2247 | D:3      | Noticed an ice beast
  2259 | D:3      | Killed an ice beast
  2260 | D:3      | Reached skill level 10 in Slings
  2260 | D:3      | Reached XP level 6. HP: 19/39 MP: 6/6
  2727 | D:4      | Reached skill level 11 in Slings
  2727 | D:4      | Reached XP level 7. HP: 44/44 MP: 7/7
  3876 | D:5      | Entered Level 5 of the Dungeon
  3900 | D:5      | Reached skill level 12 in Slings
  3958 | D:5      | Found a hazy altar of Hepliaklqana.
  4022 | D:5      | Reached XP level 8. HP: 49/49 MP: 8/8
  4102 | D:5      | Got a smoking robe
  4140 | D:5      | Reached skill level 13 in Slings
  4408 | D:5      | Found a blossoming altar of Fedhas.
  4415 | D:5      | Found a runed translucent door.
  4419 | D:5      | Noticed araganzar's ghost (weakling DsDe)
  4458 | D:5      | Killed araganzar's ghost
  4596 | D:5      | Reached skill level 14 in Slings
  4763 | D:6      | Noticed Grinder
  4923 | D:6      | Noticed a wyvern
  4986 | D:6      | Killed Grinder
  4987 | D:6      | Reached skill level 1 in Armour
  4987 | D:6      | Reached skill level 1 in Shields
  4987 | D:6      | Reached skill level 1 in Evocations
  5036 | D:6      | Reached XP level 9. HP: 54/54 MP: 9/9
  5451 | D:6      | Found a staircase to the Ecumenical Temple.
  5460 | Temple   | Entered the Ecumenical Temple
  5560 | Temple   | Became a worshipper of Warmaster Okawaru
  6260 | D:6      | Reached * piety under Okawaru
  6261 | D:6      | Reached skill level 5 in Shields
  6549 | D:7      | Noticed Duvessa
  6570 | D:7      | Killed Duvessa
  6614 | D:7      | Noticed Dowan
  6622 | D:7      | Killed Dowan
  6639 | D:7      | Noticed Menkaure
  6851 | D:7      | Killed Menkaure
  7086 | D:7      | Reached XP level 10. HP: 63/63 MP: 10/10
  7186 | D:7      | Reached skill level 5 in Evocations
  7595 | D:8      | Reached ** piety under Okawaru
  7633 | D:8      | Noticed Psyche
  7645 | D:8      | Killed Psyche
  7646 | D:8      | Reached skill level 5 in Dodging
  7835 | D:8      | Found Teptalupt's Distillery.
  7849 | D:8      | Noticed Harold
  8020 | D:8      | Killed Harold
  8021 | D:8      | Reached skill level 5 in Armour
  8096 | D:8      | Reached *** piety under Okawaru
  8741 | D:9      | Found a staircase to the Lair.
  8750 | D:9      | Noticed Joseph
  9243 | D:9      | Reached skill level 5 in Fighting
  9243 | D:9      | Reached XP level 11. HP: 66/71 MP: 11/11
  9513 | D:9      | Found Fouxu's General Store.
  9536 | D:9      | Noticed Maurice
  9573 | D:9      | Killed Maurice
  9573 | D:9      | Reached **** piety under Okawaru
  9664 | D:9      | Found a glowing golden altar of the Shining One.
 10041 | D:9      | Killed Joseph
 10078 | D:10     | Entered Level 10 of the Dungeon
 10360 | D:10     | Noticed a two-headed ogre
 10379 | D:10     | Killed a two-headed ogre
 10675 | D:10     | Received a gift from Okawaru
 10696 | D:10     | Reached skill level 1 in Invocations
 11167 | Lair:1   | Entered Level 1 of the Lair of Beasts
 11167 | Lair:1   | Found the brooch of Shielding {Spirit SH+8}
 11251 | Lair:1   | Reached ***** piety under Okawaru
 11268 | Lair:1   | Received a gift from Okawaru
 11269 | Lair:1   | Reached XP level 12. HP: 79/79 MP: 13/13
 11269 | Lair:1   | Noticed an eight-headed hydra
 11302 | Lair:1   | Mangled by an eight-headed hydra

Illustrated notes

Levels and vault maps discovered:
D:1:      psy_arrival_fountain, layout_loops_ring, minmay_pentomino_v4
D:2:      layout_basic, chequers_ecumenical_altar_simple,
          minmay_worlds_worst_comb
D:3:      layout_basic
D:4:      minmay_inner_zag, layout_gridville, serial_forest,
          infiniplex_forest_lined_room_2, infiniplex_forest_clump_double,
          infiniplex_forest_lined_4_way, infiniplex_forest_diagonal,
          infiniplex_forest_clump_tiny, infiniplex_forest_straight_5,
          infiniplex_forest_join, infiniplex_forest_lined_room_2
D:5:      kennysheep_spiral_hall, layout_loops_ring,
          nicolae_overflow_hidden_temple, ebering_ghost_sewer_d, basic_altar
D:6:      layout_layer_cave, lemuel_temple_firewalk_a,
          corexii_item_surrounded_by_moat, minmay_tree_intersection,
          minmay_manual_mess, uniq_grinder
D:7:      layout_rooms, uniq_duvessa, uniq_menkaure
D:8:      layout_gridville, serial_shops, shop, uniq_harold, uniq_psyche
D:9:      layout_irregular_city, general_overflow_altar, dpeg_oklobed_lair,
          serial_shops, shop, minivault_24, kennysheep_generic_room_16,
          uniq_maurice, uniq_joseph
D:10:     minmay_ornate_pinched, layout_basic, minivault_7
Temple:   regret_index_temple_mists
Lair:1:   layout_regular_city, lemuel_fruit_fields, grunt_megastairs_5,
          infiniplex_staircase_pool

Skill      XL: |  1  2  3  4  5  6  7  8  9 10 11 |
---------------+----------------------------------+-----
Slings         | 6 7 8 10 11 12 14 | 14.0
Fighting       | 2 3 5 6 |  6.2
Armour         | 1 3 5 7 |  7.0
Shields        | 2 5 6 |  6.5
Evocations     | 1 4 7 9 |  9.3
Dodging        | 4 6 7 |  7.5
Invocations    | 2 |  2.0
Stealth        | |  1.1

Action                   |  1- 3 |  4- 6 |  7- 9 | 10-12 || total
-------------------------+-------+-------+-------+-------++-------
Melee: Short sword       |       |       |   215 |       ||   215
       Hunting sling     |       |       |       |     4 ||     4
 Fire: Hunting sling     |    97 |   195 |   609 |   936 ||  1837
Evoke: Wand              |       |       |     2 |    24 ||    26
  Use: Potion            |       |     1 |       |     4 ||     5
       Scroll            |       |       |    11 |    10 ||    21
Armor: Leather armour    |     4 |     6 |    23 |    19 ||    52
       Skin              |       |    30 |       |    39 ||    69
       Ring mail         |       |       |       |    55 ||    55
Dodge: Dodged            |    26 |    33 |    84 |   264 ||   407
Block: Buckler           |       |       |    18 |   148 ||   166

Table legend: (Time is in decaauts)
 A = Elapsed time spent in this place.
 B = Non-inter-level travel time spent in this place.
 C = Inter-level travel time spent in this place.
 D = Time resting spent in this place.
 E = Time spent auto-exploring this place.
 F = Levels seen in this place.
 G = Mean time per level.
                   A        B        C        D        E       F      G
               +--------+--------+--------+--------+--------+-----+--------+
         Total |  10679 |  10248 |    431 |   1488 |   6165 |  12 |  889.9 |
       Dungeon |  10411 |  10002 |    409 |   1488 |   6004 |  10 | 1041.1 |
        Temple |    154 |    132 |     22 |      0 |    124 |   1 |  154.0 |
          Lair |    113 |    113 |      0 |      0 |     37 |   1 |  113.0 |
               +--------+--------+--------+--------+--------+-----+--------+

Top non-repeatable levels by time:
     D:6: 1713 daAuts
     D:8: 1301 daAuts
     D:4: 1191 daAuts
     D:9: 1075 daAuts
    D:10: 931 daAuts
     D:3: 929 daAuts
     D:1: 887 daAuts
     D:5: 876 daAuts
     D:2: 786 daAuts
     D:7: 717 daAuts
  Temple: 154 daAuts
  Lair:1: 113 daAuts
